[Event "Titled Tuesday Blitz January 18 2022"]
[White "Andrejevs, Arvids"]
[Black "Remizov, Yaroslav"]
[WhiteFideId "11602708"]
[BlackFideId "34134015"]
[WhiteElo "2272"]
[BlackElo "2360"]
[Result "0-1"]
[Round "01"]
[TimeControl "180+1"]
[Date "2022.01.18"]
[WhiteClock "0:00:05"]
[BlackClock "0:00:14"]

1. e4 b6 2. d4 a6 3. Bd3 e6 4. Nf3 Ra7 5. O-O d6 6. c4 c6 7. Nc3 f6 8. e5 dxe5 9. dxe5 Rd7 10. exf6 gxf6 11. Ne1 f5 12. Qh5+ Rf7 13. Bg5 Nf6 14. Bxf6 Qxf6 15. Nf3 Rg8 16. Rfe1 Kd8 17. Rad1 Kc7 18. Bf1 Nd7 19. a3 Nc5 20. b4 Ne4 21. Rd3 Nxc3 22. Rxc3 Rg6 23. Ne5 Bd6 24. Nxf7 Qxc3 25. Rd1 Be7 26. Qxh7 Qg7 27. Qxg7 Rxg7 28. Ne5 a5 29. bxa5 bxa5 30. g3 Bxa3 31. Bg2 Bb7 32. h4 Bd6 33. Nf3 a4 34. Nd4 Re7 35. Ra1 Be5 36. Rxa4 Bxd4 37. h5 c5 38. Ra7 Kb6 39. Rxb7+ Rxb7 40. Bxb7 Kxb7 41. Kg2 Kc7 42. f3 Kd6 43. g4 fxg4 44. fxg4 Ke7 45. Kf3 Kf6 46. Kg3 Kg5 47. Kf3 Bg7 48. Kg3 e5 49. Kf3 Bh8 50. Ke4 Kxg4 51. h6 Kg5 52. h7 Kg4 53. Kd5 Kf3 54. Kxc5 e4 55. Kb6 e3 56. c5 e2 57. c6 e1=Q 58. c7 Qb4+ 59. Ka7 Qc5+ 60. Kb8 Be5 61. h8=Q Qxc7+ 62. Ka8 Qc6+ 63. Ka7 Qa4+ 64. Kb7 Qb5+ 65. Ka7 Qa4+ 66. Kb7 Qb4+ 67. Ka7 Bd4+ 68. Ka8 Bxh8 0-1


[Site "https://www.chess.com"]

[Event "Titled Tuesday Blitz January 18 2022"]
[White "Babazada, Khazar"]
[Black "Batsiashvili, Nino"]
[WhiteFideId "13413554"]
[BlackFideId "13602993"]
[WhiteElo "2418"]
[BlackElo "2230"]
[Result "1/2-1/2"]
[Round "01"]
[TimeControl "180+1"]
[Date "2022.01.18"]
[WhiteClock "0:00:06"]
[BlackClock "0:00:40"]

1. e3 d5 2. b3 e5 3. Bb2 Bd6 4. c4 c6 5. Nf3 f6 6. Nc3 Ne7 7. Be2 O-O 8. O-O Be6 9. d4 e4 10. Nd2 f5 11. f4 exf3 12. Bxf3 Nd7 13. Ne2 Nf6 14. Nf4 Bf7 15. Nd3 Ng6 16. Ne5 Bxe5 17. dxe5 Nd7 18. cxd5 cxd5 19. Bh5 Ngxe5 20. Rxf5 Bxh5 21. Rxf8+ Qxf8 22. Qxh5 Qf7 23. Qh4 Re8 24. Rf1 Qe7 25. Qg3 Ng6 26. Bd4 Nde5 27. Nf3 Nc6 28. h3 Nxd4 29. exd4 Qe3+ 30. Kh2 Qf4 31. Qxf4 Nxf4 32. Kg3 Ne2+ 33. Kf2 Nf4 34. Kg3 Ne2+ 35. Kf2 Nf4 36. Ne5 Ne6 37. Ke3 Rc8 38. Rf7 Rc7 39. Rxc7 Nxc7 40. Kf4 Kf8 41. Kf5 Ke7 42. Nd3 Kd6 43. Nf4 Nb5 44. Ne6 g6+ 45. Kf6 Nc3 46. a4 Ne4+ 47. Kf7 Nd2 48. b4 Nb3 49. g4 b6 50. g5 a5 51. bxa5 bxa5 52. h4 Nd2 53. Nf8 Nf3 54. Nxh7 Nxh4 55. Nf8 Nf3 56. Kxg6 Nxd4 57. Kf6 Ne2 58. Ne6 Ng3 59. g6 Nh5+ 60. Kf7 Ke5 61. Nc5 d4 62. Nd3+ Ke4 63. Nc5+ Ke3 64. Ke6 d3 65. Nxd3 Kxd3 66. Kf5 Kc4 67. Kg5 Ng7 68. Kf6 Nh5+ 69. Kg5 Ng7 70. Kf6 Nh5+ 71. Kg5 1/2-1/2


[Site "https://www.chess.com"]

[Event "Titled Tuesday Blitz January 18 2022"]
[White "Baches Garcia, Guillermo"]
[Black "Wagner, Dennis"]
[WhiteFideId "2209764"]
[BlackFideId "24650684"]
[WhiteElo "2397"]
[BlackElo "2355"]
[Result "0-1"]
[Round "01"]
[TimeControl "180+1"]
[Date "2022.01.18"]
[WhiteClock "0:00:12"]
[BlackClock "0:00:11"]

1. e4 e5 2. Nf3 Nc6 3. Nc3 Nf6 4. d4 exd4 5. Nxd4 Bb4 6. Nxc6 bxc6 7. Bd3 d5 8. Bd2 O-O 9. O-O a5 10. a3 Bxc3 11. Bxc3 dxe4 12. Bxf6 Qxf6 13. Bxe4 Qxb2 14. Bxc6 Ra6 15. Be4 Re8 16. Re1 Rae6 17. f3 g6 18. Qd2 Kg7 19. Bd3 Qd4+ 20. Kh1 c5 21. Red1 c4 22. Bf1 Qxd2 23. Rxd2 Re1 24. Rdd1 Rxd1 25. Rxd1 c3 26. Kg1 Bf5 27. Rd5 Rc8 28. Bd3 Bxd3 29. Rxd3 Rc5 30. Kf2 Kf6 31. Ke3 Ke5 32. f4+ Ke6 33. Kd4 Rh5 34. h3 Rh4 35. g4 h5 36. Rxc3 hxg4 37. hxg4 Rxg4 38. Rc6+ Kd7 39. Rf6 Ke7 40. Rb6 Rxf4+ 41. Ke3 Ra4 42. c4 Rxc4 43. Kd3 Ra4 44. Ra6 g5 45. Rxa5 Rxa5 0-1


[Site "https://www.chess.com"]

[Event "Titled Tuesday Blitz January 18 2022"]
[White "Bacrot, Etienne"]
[Black "Osmak, Yuliia"]
[WhiteFideId "605506"]
[BlackFideId "14101602"]
[WhiteElo "2673"]
[BlackElo "2302"]
[Result "1-0"]
[Round "01"]
[TimeControl "180+1"]
[Date "2022.01.18"]
[WhiteClock "0:00:24"]
[BlackClock "0:00:02"]

1. e4 e6 2. Nf3 d5 3. exd5 exd5 4. d4 Nc6 5. Bb5 Bd6 6. O-O Ne7 7. c4 dxc4 8. Bxc4 O-O 9. h3 Bf5 10. Nc3 h6 11. Re1 Bh7 12. a3 Qd7 13. d5 Na5 14. Ba2 b5 15. Nd4 a6 16. Qf3 Rae8 17. Bf4 Nb7 18. Re3 Bxf4 19. Qxf4 Ng6 20. Qg3 Rxe3 21. Qxe3 Re8 22. Qd2 Nd6 23. Nc6 Ne5 24. Nxe5 Rxe5 25. Re1 Qe7 26. Rxe5 Qxe5 27. Bb3 Bf5 28. Qd1 a5 29. Qd2 a4 30. Ba2 Kf8 31. Qd1 Kg8 32. Qd2 Kf8 33. Nd1 Be4 34. Ne3 Qg5 35. Qc3 Qe7 36. b3 axb3 37. Bxb3 h5 38. Bd1 h4 39. Be2 f6 40. Bf1 g5 41. Qc5 Kf7 42. Qb4 Kf8 43. Qc5 Kf7 44. Nd1 Bf5 45. Nc3 Ne4 46. Qxe7+ Kxe7 47. Nxb5 Kd7 48. a4 Nc5 49. a5 Bc2 50. Nd4 Be4 51. Bc4 Kd6 52. Nb5+ Kd7 53. f3 Bf5 54. a6 Nxa6 55. Nd4 1-0


[Site "https://www.chess.com"]

[Event "Titled Tuesday Blitz January 18 2022"]
[White "Belous, Vladimir"]
[Black "Babiy, Olga"]
[WhiteFideId "4174003"]
[BlackFideId "14117258"]
[WhiteElo "2534"]
[BlackElo "2252"]
[Result "1-0"]
[Round "01"]
[TimeControl "180+1"]
[Date "2022.01.18"]
[WhiteClock "0:01:21"]
[BlackClock "0:00:31"]

1. c4 e5 2. g3 h5 3. Nf3 e4 4. Nd4 Nc6 5. Nxc6 dxc6 6. Nc3 Nf6 7. Bg2 Bf5 8. Qb3 b6 9. h3 Bc5 10. Na4 Bd4 11. e3 Be5 12. d4 Bd6 13. Bd2 Qd7 14. Nc3 O-O-O 15. a4 c5 16. d5 Qe7 17. a5 Kb8 18. Nb5 a6 19. axb6 axb5 20. Qa2 Kc8 21. Qa8+ 1-0


[Site "https://www.chess.com"]

[Event "Titled Tuesday Blitz January 18 2022"]
[White "Berezin, Viktor"]
[Black "Svane, Frederik"]
[WhiteFideId "14107872"]
[BlackFideId "12923044"]
[WhiteElo "2310"]
[BlackElo "2459"]
[Result "0-1"]
[Round "01"]
[TimeControl "180+1"]
[Date "2022.01.18"]
[WhiteClock "0:01:27"]
[BlackClock "0:00:05"]

1. d4 Nf6 2. Nf3 e6 3. g3 b5 4. Bg2 d5 5. O-O Be7 6. b3 Bb7 7. Bb2 O-O 8. Nbd2 c5 9. dxc5 Bxc5 10. c4 a6 11. Rc1 Nbd7 12. Ne5 Nxe5 13. Bxe5 Ba3 14. Rc2 Nd7 15. Bb2 Bxb2 16. Rxb2 Nb6 17. c5 Nd7 18. Rc2 Rc8 19. b4 Ne5 20. f4 Nc6 21. a3 a5 22. Rb2 Qf6 23. Rb3 Nd4 24. Rd3 Nc6 25. Qb1 Ra8 26. Nf3 axb4 27. axb4 Ra4 28. Rb3 Rfa8 29. Rd1 h6 30. Qc1 Ra1 31. Qd2 Rxd1+ 32. Qxd1 Ra1 33. Rb1 Rxb1 34. Qxb1 Qc3 35. Qa2 Qxb4 36. Qc2 Qc4 37. Qxc4 bxc4 38. Ne1 Nb4 39. Kf2 Na6 40. Ke3 Nxc5 41. Kd4 Nb3+ 42. Kc3 Kf8 43. e4 Ke7 44. exd5 exd5 45. Nc2 Kd6 46. Ne3 Kc5 47. Nf5 d4+ 0-1


[Site "https://www.chess.com"]

[Event "Titled Tuesday Blitz January 18 2022"]
[White "Bettalli, Francesco"]
[Black "Narayanan.S.L"]
[WhiteFideId "2816453"]
[BlackFideId "5058422"]
[WhiteElo "2216"]
[BlackElo "2494"]
[Result "0-1"]
[Round "01"]
[TimeControl "180+1"]
[Date "2022.01.18"]
[WhiteClock "0:00:13"]
[BlackClock "0:01:31"]

1. d4 d5 2. Nf3 g6 3. e3 Bg7 4. b3 Nf6 5. Bb2 O-O 6. Nbd2 Bg4 7. Bd3 Nbd7 8. O-O c6 9. h3 Bxf3 10. Nxf3 e6 11. c4 Ne4 12. Bxe4 dxe4 13. Ne5 Nxe5 14. dxe5 Qg5 15. Qd4 Qf5 16. Rad1 h5 17. f3 exf3 18. Rxf3 Qg5 19. Qf4 Qe7 20. Rd6 c5 21. Rf1 Rfc8 22. Rfd1 Rc7 23. R1d3 Kh7 24. Qf3 Rac8 25. Qd1 Qg5 26. Rd8 Rxd8 27. Rxd8 Qxe3+ 28. Kh1 b5 29. cxb5 c4 30. Bd4 Qf4 31. bxc4 Rxc4 32. Qa1 Rc1+ 0-1


[Site "https://www.chess.com"]

[Event "Titled Tuesday Blitz January 18 2022"]
[White "Bodi, Tibor"]
[Black "Yeletsky, Ivan"]
[WhiteFideId "701084"]
[BlackFideId "24180327"]
[WhiteElo "2243"]
[BlackElo "2348"]
[Result "0-1"]
[Round "01"]
[TimeControl "180+1"]
[Date "2022.01.18"]
[WhiteClock "0:00:04"]
[BlackClock "0:00:23"]

1. Nf3 c6 2. c4 g6 3. Nc3 Bg7 4. e4 d6 5. d4 Bg4 6. Be3 e5 7. d5 Bh6 8. h3 Bxe3 9. hxg4 Bb6 10. Bd3 a5 11. Qd2 a4 12. a3 Nf6 13. g5 Ng4 14. Rf1 Nd7 15. Bc2 Nc5 16. O-O-O Ba5 17. dxc6 bxc6 18. Qxd6 Qxd6 19. Rxd6 Bxc3 20. bxc3 Rc8 21. Ne1 Ke7 22. Rd2 h6 23. gxh6 Rxh6 24. Rg1 Rb8 25. f3 Ne3 26. Nd3 Nb3+ 27. Bxb3 Rxb3 28. Nb4 Rxc3+ 29. Kb2 Rb3+ 30. Ka2 Nxc4 31. Nxc6+ Kf6 32. Rc2 Rxa3+ 33. Kb1 Rb3+ 34. Ka2 Nd6 35. Rd1 Nb5 36. Rdc1 Rh8 37. Na5 Ra3+ 38. Kb2 Re3 39. Nc4 Rb3+ 40. Ka2 Rb8 41. Ne3 Rxe3 42. Rc6+ Kg7 0-1


[Site "https://www.chess.com"]

[Event "Titled Tuesday Blitz January 18 2022"]
[White "Boruchovsky, Avital"]
[Black "Milosevic, Milos"]
[WhiteFideId "2800055"]
[BlackFideId "964875"]
[WhiteElo "2469"]
[BlackElo "2198"]
[Result "0-1"]
[Round "01"]
[TimeControl "180+1"]
[Date "2022.01.18"]
[WhiteClock "0:01:28"]
[BlackClock "0:00:47"]

1. c4 Nf6 2. Nc3 e6 3. e4 d5 4. cxd5 exd5 5. e5 Nfd7 6. d4 Nb6 7. Nf3 Be7 8. Bd3 O-O 9. h4 c5 10. dxc5 Bxc5 11. Ng5 h6 12. Bh7+ Kh8 13. Bc2 Qe7 14. Bf4 Nc6 15. Nxd5 Nxd5 16. Qxd5 Nb4 17. Qe4 Nxc2+ 18. Qxc2 Bb4+ 19. Kf1 g6 20. Nf3 Bf5 21. Qb3 Rfd8 22. Bxh6 Rd3 23. Qc4 Rc8 24. Qf4 Rc2 25. Bg5 Qc5 26. Bf6+ Kg8 27. Ne1 Bxe1 28. Rxe1 Rdd2 0-1


[Site "https://www.chess.com"]

[Event "Titled Tuesday Blitz January 18 2022"]
[White "Bruned, Yvain"]
[Black "Stoleriu, George"]
[WhiteFideId "2250292"]
[BlackFideId "1227505"]
[WhiteElo "2073"]
[BlackElo "2203"]
[Result "0-1"]
[Round "01"]
[TimeControl "180+1"]
[Date "2022.01.18"]
[WhiteClock "0:02:05"]
[BlackClock "0:02:31"]

1. b3 e5 2. Bb2 Nc6 3. e3 g6 4. d4 exd4 5. exd4 d5 6. Nf3 Bg7 7. Bd3 Nge7 8. O-O O-O 9. c3 Bf5 10. Bxf5 Nxf5 11. Nbd2 Re8 12. Re1 Qd7 13. Rxe8+ Rxe8 14. Qf1 Nd6 15. Re1 Ne4 16. Qd3 f5 17. Nf1 a6 18. N3d2 Bh6 19. f3 Nxd2 20. Rxe8+ Qxe8 21. Nxd2 Qe3+ 0-1


[Site "https://www.chess.com"]

[Event "Titled Tuesday Blitz January 18 2022"]
[White "Bryakin, Mikhail"]
[Black "Gabdushev, Ruslan"]
[WhiteFideId "4165314"]
[BlackFideId "4137833"]
[WhiteElo "2421"]
[BlackElo "2312"]
[Result "0-1"]
[Round "01"]
[TimeControl "180+1"]
[Date "2022.01.18"]
[WhiteClock "0:00:02"]
[BlackClock "0:00:07"]

1. e4 Nc6 2. Nf3 d6 3. d4 Bg4 4. Be2 Nf6 5. Nc3 e6 6. h3 Bh5 7. Be3 d5 8. e5 Nd7 9. O-O Be7 10. Qd2 Nb6 11. b3 a5 12. a3 O-O 13. Ne1 Bxe2 14. Nxe2 a4 15. b4 Nc4 16. Qd3 Na7 17. f4 f5 18. exf6 Bxf6 19. Nf3 Nb5 20. Ne5 Bxe5 21. dxe5 b6 22. Nd4 Nxd4 23. Bxd4 Qh4 24. Be3 Rf5 25. Rf3 Raf8 26. Raf1 g5 27. g4 Nxe5 28. gxf5 Nxd3 29. cxd3 Rxf5 30. d4 g4 31. hxg4 Qxg4+ 32. Kf2 Qh4+ 33. Ke2 Rh5 34. Rg1+ Kf8 35. Rfg3 Qf6 36. Rg8+ Kf7 37. R8g2 Rh3 38. b5 Qf5 39. Rg7+ Kf6 40. Rg8 Qc2+ 41. Bd2 Rh2+ 42. R1g2 Qe4+ 43. Kf2 Qxd4+ 44. Be3 Qb2+ 45. Kf3 Rxg2 46. Rxg2 Qc3 47. Rd2 Kf5 48. Kf2 Qxa3 49. Rc2 Qb3 50. Rxc7 Qxb5 51. Ra7 Qb2+ 52. Kf3 a3 0-1


[Site "https://www.chess.com"]

[Event "Titled Tuesday Blitz January 18 2022"]
[White "Bychkov, Vladimir"]
[Black "Nigmatov, Ortik"]
[WhiteFideId "24151513"]
[BlackFideId "14202131"]
[WhiteElo "2253"]
[BlackElo "2378"]
[Result "0-1"]
[Round "01"]
[TimeControl "180+1"]
[Date "2022.01.18"]
[WhiteClock "0:00:17"]
[BlackClock "0:00:32"]

1. e4 c5 2. Nf3 d6 3. b3 Nc6 4. Bb2 e6 5. g3 Nf6 6. Bg2 Be7 7. Qe2 O-O 8. O-O b6 9. a4 Bb7 10. Na3 e5 11. Nc4 Nd4 12. Bxd4 cxd4 13. Nh4 Rc8 14. d3 g6 15. f4 Nd7 16. Nf3 f6 17. h4 Kg7 18. h5 Nc5 19. f5 g5 20. Nh2 d5 21. exd5 Bxd5 22. Ng4 Bxg2 23. Qxg2 Qd7 24. Rae1 Rce8 25. b4 Nxa4 26. Ra1 Bd8 27. b5 Nc3 28. Ra6 Nxb5 29. Rfa1 Rf7 30. h6+ Kh8 31. Qh1 e4 32. dxe4 d3 33. e5 Qd4+ 34. Nce3 dxc2 35. Qc6 Qd7 36. Qc4 fxe5 37. Nxc2 Nd6 38. Qc3 Qxf5 39. Nce3 Qf3 40. Kh2 Ne4 41. Qe1 Nf6 42. Rxa7 Nxg4+ 43. Nxg4 Rxa7 44. Rxa7 Qxg4 45. Kg2 Qe6 46. Qe4 Qxh6 47. Qf5 Qg6 48. Qd7 Rf8 49. Kg1 g4 50. Qd5 Qb1+ 51. Kg2 Qf1+ 0-1


[Site "https://www.chess.com"]

[Event "Titled Tuesday Blitz January 18 2022"]
[White "Chen, Justin"]
[Black "Andreikin, Dmitry"]
[WhiteFideId "2098199"]
[BlackFideId "4158814"]
[WhiteElo "2502"]
[BlackElo "2736"]
[Result "0-1"]
[Round "01"]
[TimeControl "180+1"]
[Date "2022.01.18"]
[WhiteClock "0:00:05"]
[BlackClock "0:01:04"]

1. Nf3 Nf6 2. e3 c6 3. c4 e6 4. Nc3 a6 5. b3 d5 6. Bb2 Nbd7 7. d4 Bd6 8. Bd3 O-O 9. O-O e5 10. cxd5 cxd5 11. dxe5 Nxe5 12. Be2 Be6 13. Rc1 Rc8 14. Qd2 Ne4 15. Nxe4 Nxf3+ 16. Bxf3 dxe4 17. Qd4 Bxh2+ 18. Kxh2 Qxd4 19. Bxd4 exf3 20. gxf3 f6 21. Rfd1 Kf7 22. Bb6 h5 23. Kg2 h4 24. e4 g5 25. Rxc8 Rxc8 26. Rd8 h3+ 27. Kg3 Rc1 28. Rb8 Bc8 29. Kh2 Ke8 30. a4 Kd7 31. b4 Rc3 32. Be3 Rc4 33. b5 Rxa4 34. bxa6 Rxa6 35. f4 Kc7 36. Rxc8+ Kxc8 37. f5 g4 38. Kg3 Ra3 0-1


[Site "https://www.chess.com"]

[Event "Titled Tuesday Blitz January 18 2022"]
[White "Chernomordik, Pavel"]
[Black "Jaracz, Pawel"]
[WhiteFideId "2804530"]
[BlackFideId "1102222"]
[WhiteElo "2249"]
[BlackElo "2429"]
[Result "1/2-1/2"]
[Round "01"]
[TimeControl "180+1"]
[Date "2022.01.18"]
[WhiteClock "0:00:10"]
[BlackClock "0:00:14"]

1. e4 c6 2. Nc3 d5 3. Qf3 Nf6 4. d3 e6 5. Bd2 Qb6 6. O-O-O Nbd7 7. Qg3 g6 8. Be2 Bg7 9. e5 Ng8 10. h4 h5 11. f4 Ne7 12. Nf3 Nf5 13. Qe1 Nc5 14. Ng5 a5 15. g4 Nd4 16. gxh5 Nxe2+ 17. Nxe2 Rxh5 18. Ng3 Rh8 19. h5 Bd7 20. hxg6 fxg6 21. Rxh8+ Bxh8 22. Qh1 O-O-O 23. Nf7 Na4 24. b3 Qd4 25. c3 Nxc3 26. Bxc3 Qxc3+ 27. Kb1 Rf8 28. Nxh8 a4 29. Ne2 Qb4 30. Nc1 Rxf4 31. Nxg6 Rf2 32. Qe1 Qd4 33. Rd2 Rf3 34. Qe2 Rg3 35. Nf8 Rg1 36. Nxd7 a3 37. Rc2 Kxd7 38. Qf2 Qg4 39. Qf7+ Kc8 40. Qf8+ Kc7 41. Qe7+ Kc8 42. Qe8+ Kc7 43. Qe7+ Kc8 44. Qe8+ Kc7 45. Qe7+ 1/2-1/2


[Site "https://www.chess.com"]

[Event "Titled Tuesday Blitz January 18 2022"]
[White "Chernov, Mikhail"]
[Black "Ruperez Benito, Antonio"]
[WhiteFideId "24143170"]
[BlackFideId "22245049"]
[WhiteElo "2244"]
[BlackElo "2249"]
[Result "0-1"]
[Round "01"]
[TimeControl "180+1"]
[Date "2022.01.18"]
[WhiteClock "0:00:56"]
[BlackClock "0:00:59"]

1. e4 c5 2. Nf3 e6 3. d4 cxd4 4. Nxd4 Nc6 5. Be2 Nf6 6. Nc3 Bb4 7. O-O O-O 8. Be3 Bxc3 9. bxc3 Nxe4 10. Bd3 Nf6 11. Bg5 d5 12. Re1 h6 13. Bh4 Re8 14. Rb1 e5 15. Nf5 e4 16. Bxf6 Qxf6 17. Ng3 b6 18. c4 Bb7 19. cxd5 exd3 20. dxc6 Bxc6 21. Qxd3 Rad8 22. Rxe8+ Rxe8 23. h3 Qf4 24. Rd1 Qa4 25. Qb3 Qf4 26. Qc3 Ba8 27. Qxg7+ Kxg7 28. Nh5+ Kh7 29. Nxf4 Re4 30. Rd8 Bc6 31. g3 Ra4 32. Rc8 Be4 33. Rc7 Rxa2 34. Rxf7+ Kg8 35. Re7 Ra1+ 0-1


[Site "https://www.chess.com"]

[Event "Titled Tuesday Blitz January 18 2022"]
[White "Chigaev, Maksim"]
[Black "Lewicki, Miroslaw"]
[WhiteFideId "4108116"]
[BlackFideId "1113380"]
[WhiteElo "2502"]
[BlackElo "2283"]
[Result "1-0"]
[Round "01"]
[TimeControl "180+1"]
[Date "2022.01.18"]
[WhiteClock "0:00:32"]
[BlackClock "0:00:08"]

1. Nf3 c5 2. e4 d6 3. c3 Nf6 4. g3 g6 5. Bg2 Bg7 6. O-O O-O 7. Re1 e5 8. d3 Nc6 9. a4 h6 10. Na3 Be6 11. Nc4 a6 12. Nfd2 b5 13. Ne3 b4 14. Ndc4 Rb8 15. a5 Rb5 16. Qa4 d5 17. exd5 Nxd5 18. Bd2 bxc3 19. bxc3 Nxe3 20. Bxe3 Qxd3 21. Bxc6 Bxc4 22. Rad1 Qxc3 23. Rc1 Bb3 24. Rxc3 Bxa4 25. Bxb5 Bxb5 26. Rxc5 f5 27. Rec1 f4 28. Bd2 fxg3 29. hxg3 e4 30. Rc8 h5 31. Bb4 Rxc8 32. Rxc8+ Kh7 33. Rc7 Kg8 34. Rc8+ Kh7 35. Bc3 Bxc3 36. Rxc3 Kh6 37. Rc5 Bd3 38. Kg2 g5 39. Rd5 Kg7 40. Rxg5+ Kh6 41. Rd5 Kg6 42. Kh3 1-0


[Site "https://www.chess.com"]

[Event "Titled Tuesday Blitz January 18 2022"]
[White "Costachi, Mihnea"]
[Black "Santos Flores, Alberto"]
[WhiteFideId "1217518"]
[BlackFideId "3601234"]
[WhiteElo "2464"]
[BlackElo "2293"]
[Result "1-0"]
[Round "01"]
[TimeControl "180+1"]
[Date "2022.01.18"]
[WhiteClock "0:01:27"]
[BlackClock "0:00:40"]

1. e4 c5 2. Nf3 g6 3. Bc4 Bg7 4. O-O Nc6 5. Re1 e6 6. c3 Nge7 7. e5 d6 8. exd6 Qxd6 9. d3 O-O 10. Nbd2 Qc7 11. Ne4 Nd5 12. Nxc5 Na5 13. Bxd5 exd5 14. Nb3 Nc6 15. Bg5 Bf5 16. Qd2 Rfe8 17. h3 b6 18. d4 a5 19. Rxe8+ Rxe8 20. Re1 Qd7 21. Rxe8+ Qxe8 22. Qe3 Qxe3 23. Bxe3 Bb1 24. a3 a4 25. Nbd2 Bd3 26. Ne1 Bf5 27. g4 Be6 28. Nd3 Na5 29. Bf4 b5 30. Bc7 Nb7 31. f4 h5 32. f5 gxf5 33. gxh5 Bh6 34. Bf4 Bxf4 35. Nxf4 Nd6 36. Kf2 Kg7 37. h4 Kh6 38. Ke3 Ne4 39. Nf3 Nf6 40. Ng5 Nxh5 41. Ngxe6 fxe6 42. Nxe6 Nf6 43. Kf4 Ne4 44. Nc7 Nd6 45. Nxd5 Nc4 46. Nc7 Nxb2 47. Kxf5 Nc4 48. Nxb5 Kh5 49. d5 Kxh4 50. d6 1-0


[Site "https://www.chess.com"]

[Event "Titled Tuesday Blitz January 18 2022"]
[White "Cremisi, Daniel"]
[Black "Nesterov, Arseniy"]
[WhiteFideId "2089882"]
[BlackFideId "24198455"]
[WhiteElo "2172"]
[BlackElo "2489"]
[Result "0-1"]
[Round "01"]
[TimeControl "180+1"]
[Date "2022.01.18"]
[WhiteClock "0:00:08"]
[BlackClock "0:00:08"]

1. d4 d5 2. c4 e6 3. Nc3 c5 4. cxd5 exd5 5. Nf3 Nc6 6. g3 Nf6 7. Bg2 cxd4 8. Nxd4 Bc5 9. Nb3 Bb6 10. O-O d4 11. Ne4 Nxe4 12. Bxe4 O-O 13. Bd2 Re8 14. Bg2 Bg4 15. f3 d3+ 16. e3 Bh5 17. Re1 Ne5 18. g4 Bg6 19. f4 Nc4 20. f5 Nxe3 21. Bxe3 Bxe3+ 22. Kh1 d2 23. Rf1 Qd6 24. fxg6 hxg6 25. Qf3 Re7 26. Rad1 Rd8 27. Qg3 Qxg3 28. hxg3 Bg5 29. Bf3 b6 30. Kg2 a5 31. Rf2 Red7 32. Bc6 Rd6 33. Bb5 f6 34. Bc4+ Kf8 35. Re2 a4 36. Rh1 Bh6 37. g5 d1=Q 38. gxh6 gxh6 39. Rxd1 Rxd1 40. Rf2 f5 41. Be2 axb3 42. Bxd1 bxa2 43. g4 Rxd1 44. gxf5 a1=Q 45. fxg6+ Kg7 0-1


[Site "https://www.chess.com"]

[Event "Titled Tuesday Blitz January 18 2022"]
[White "Dauner, Benedikt"]
[Black "Eljanov, Pavel"]
[WhiteFideId "16225899"]
[BlackFideId "14102951"]
[WhiteElo "2230"]
[BlackElo "2601"]
[Result "1-0"]
[Round "01"]
[TimeControl "180+1"]
[Date "2022.01.18"]
[WhiteClock "0:00:19"]
[BlackClock "0:00:35"]

1. d4 Nf6 2. Nf3 d5 3. Bf4 c5 4. e3 Nc6 5. Nbd2 cxd4 6. exd4 Bf5 7. c3 e6 8. Be2 Bd6 9. Bxd6 Qxd6 10. O-O O-O 11. Nh4 Rfe8 12. Nxf5 exf5 13. Bd3 Ne4 14. f3 Nxd2 15. Qxd2 f4 16. Rae1 g5 17. Bb1 h6 18. Qd3 Kf8 19. Qf5 Rad8 20. Bc2 Ne7 21. Qd3 Ng8 22. Ba4 Rxe1 23. Rxe1 Nf6 24. Qf5 Kg7 25. h4 gxh4 26. Re5 Qa6 27. Bb3 h3 28. Qxh3 Qd3 29. Qh4 Qd2 30. Rf5 Rd6 31. Qxf4 Qe1+ 32. Kh2 Re6 33. Bxd5 Nxd5 34. Rxf7+ 1-0


[Site "https://www.chess.com"]

[Event "Titled Tuesday Blitz January 18 2022"]
[White "Deac, Bogdan-Daniel"]
[Black "Kislov, Oleg"]
[WhiteFideId "1226380"]
[BlackFideId "13503774"]
[WhiteElo "2646"]
[BlackElo "2252"]
[Result "1-0"]
[Round "01"]
[TimeControl "180+1"]
[Date "2022.01.18"]
[WhiteClock "0:01:40"]
[BlackClock "0:01:14"]

1. e4 e6 2. d4 d5 3. Nc3 Nf6 4. e5 Nfd7 5. f4 c5 6. Nf3 Nc6 7. Be3 a6 8. Qd2 b5 9. dxc5 Bxc5 10. Bd3 Qb6 11. Bf2 b4 12. Na4 Bxf2+ 13. Qxf2 Qxf2+ 14. Kxf2 a5 15. Bb5 Na7 16. Be2 Bb7 17. Nd4 Ke7 18. c3 Nc6 19. Nb5 f6 20. exf6+ gxf6 21. f5 1-0


[Site "https://www.chess.com"]

[Event "Titled Tuesday Blitz January 18 2022"]
[White "Demchenko, Anton"]
[Black "Lehtosaari, Mauri"]
[WhiteFideId "4160258"]
[BlackFideId "501999"]
[WhiteElo "2539"]
[BlackElo "2482"]
[Result "1-0"]
[Round "01"]
[TimeControl "180+1"]
[Date "2022.01.18"]
[WhiteClock "0:00:17"]
[BlackClock "0:00:02"]

1. e4 c5 2. Nf3 e6 3. g3 b6 4. Bg2 Bb7 5. Qe2 Nc6 6. O-O d6 7. c3 Nf6 8. d4 Be7 9. Rd1 cxd4 10. cxd4 d5 11. e5 Nd7 12. Nc3 O-O 13. h4 Rc8 14. Ng5 h6 15. Nh3 Re8 16. Qg4 f5 17. exf6 Bxf6 18. Bxh6 Nxd4 19. Bg5 Nf5 20. Nxd5 exd5 21. Qxf5 Re5 22. Qg4 Bxg5 23. Nxg5 Nf6 24. Qd4 Qe7 25. Bf3 Rc2 26. Rac1 Rxc1 27. Rxc1 Re1+ 28. Rxe1 Qxe1+ 29. Kg2 Qe7 30. a3 Bc6 31. Nh3 Qe1 32. Nf4 Bb5 33. Bxd5+ Kh8 34. Bf3 Bf1+ 35. Kh2 Bb5 36. b3 Qc1 37. a4 Bc6 38. Bxc6 Qxc6 39. Qd8+ Kh7 40. Qd3+ Kg8 41. f3 1-0


[Site "https://www.chess.com"]

[Event "Titled Tuesday Blitz January 18 2022"]
[White "Demin, Vladimir"]
[Black "Wong, Yinn Long"]
[WhiteFideId "4167457"]
[BlackFideId "5707684"]
[WhiteElo "2454"]
[BlackElo "2055"]
[Result "0-1"]
[Round "01"]
[TimeControl "180+1"]
[Date "2022.01.18"]
[WhiteClock "0:00:29"]
[BlackClock "0:00:27"]

1. e4 c5 2. Nf3 g6 3. c3 Bg7 4. d4 cxd4 5. cxd4 d5 6. e5 Bg4 7. Nc3 Nc6 8. Be2 e6 9. h3 Bxf3 10. Bxf3 Nge7 11. Be3 O-O 12. Qd2 Nf5 13. Bg4 Nxe3 14. fxe3 Qh4+ 15. Qf2 Qe7 16. O-O f6 17. exf6 Bxf6 18. Qe2 Bg5 19. Rf3 Rxf3 20. gxf3 e5 21. Nxd5 Qd6 22. Qc4 Kg7 23. dxe5 Nxe5 24. Qd4 Rd8 25. Rd1 h5 26. f4 hxg4 27. fxe5 Qe6 28. hxg4 Bxe3+ 29. Qxe3 Qxg4+ 30. Kh2 Rh8+ 0-1


[Site "https://www.chess.com"]

[Event "Titled Tuesday Blitz January 18 2022"]
[White "Donchenko, Alexander"]
[Black "Astafurov, Arseniy"]
[WhiteFideId "24603295"]
[BlackFideId "24175218"]
[WhiteElo "2539"]
[BlackElo "2163"]
[Result "1/2-1/2"]
[Round "01"]
[TimeControl "180+1"]
[Date "2022.01.18"]
[WhiteClock "0:00:25"]
[BlackClock "0:00:07"]

1. d4 Nf6 2. c4 c6 3. Nf3 d5 4. e3 a6 5. b3 e6 6. Bd3 c5 7. cxd5 exd5 8. O-O Nc6 9. Bb2 Be7 10. dxc5 Bxc5 11. Nbd2 O-O 12. Rc1 Ba7 13. Ne5 Nxe5 14. Bxe5 d4 15. exd4 Bxd4 16. Nf3 Bxe5 17. Nxe5 Be6 18. Qf3 Qa5 19. Nc4 Qb4 20. Rfe1 Rad8 21. h3 Bd5 22. Qg3 Rfe8 23. Rxe8+ Rxe8 24. Kh2 b5 25. Nd6 Nh5 26. Qg5 Qxd6+ 27. g3 Nf6 28. Bf5 Qe5 29. Rc8 Kf8 30. Rxe8+ Qxe8 31. Qd2 Qe5 32. Bb1 g6 33. b4 Kg7 34. a3 Qa1 35. Qd1 Qxa3 36. Qd4 Qc1 37. g4 Qxb1 38. g5 Qe4 39. Qxf6+ Kg8 40. Qd8+ Kg7 41. Qf6+ Kf8 42. Qd8+ Qe8 43. Qxd5 Qe7 44. Qa8+ Kg7 45. Qxa6 Qxg5 46. Qd6 Qf6 47. Qc5 Qf5 48. Qd4+ Kg8 49. Qd8+ Kg7 50. Qd4+ Kh6 51. Qh4+ Qh5 52. Qf4+ Kg7 53. Qd4+ Kg8 54. Qd8+ Kg7 55. Qd4+ Kf8 56. Qd8+ Kg7 57. Qd4+ 1/2-1/2


[Site "https://www.chess.com"]